 Dungeon Sprint DCSS version 0.19.5 (webtiles) character file.

0 Groucho the Sneak (level 1, -3/9 HPs)
             Began as a Spriggan Enchanter on Apr 24, 2017.
             Was an Initiate of Dithmenos.
             Slain by a worker ant (6 damage)
             ... in the Dungeon (Sprint VII: "The Pits").
             The game lasted 00:00:39 (99 turns).

Groucho the Sneak (Spriggan Enchanter)                Turns: 99, Time: 00:00:40

Health: -3/9       AC:  3    Str:  4    XL:     1   Next: 8%
Magic:  5/5        EV: 18    Int: 16    God:    Dithmenos [......]
Gold:   0          SH:  0    Dex: 16    Spells: 1 memorised, 4 levels left

rFire  . . .     SeeInvis +     a - +2 dagger
rCold  . . .     Gourm    .     b - +1 robe
rNeg   . . .     Faith    .     (shield restricted)
rPois  .         Spirit   .     (helmet restricted)
rElec  .         Reflect  .     (no cloak)
rCorr  .         Harm     .     (gloves unavailable)
MR     .....     NoTele   +     (boots unavailable)
Stlth  +++.......               (no amulet)
                                (no ring)
                                (no ring)

@: lethally poisoned (-3 -> -10), very slightly contaminated, invisible, very
quick
A: unfitting armour, see invisible, herbivore 3, speed 3, slow metabolism 2
a: Renounce Religion


You were in the Dungeon.
You worshipped Dithmenos.
Dithmenos was noncommittal.
You were not hungry.

You visited 1 branch

Inventory:

Hand Weapons
 a - a +2 dagger (weapon)
Missiles
 p - 10 stones (quivered)
Armour
 b - a +1 robe (worn)
Scrolls
 j - a scroll of blinking
 l - 3 scrolls of remove curse
 m - 5 scrolls of amnesia
 n - a scroll of summoning
Potions
 f - a potion of heal wounds
 g - a potion of haste
 h - 4 potions of magic
 i - 3 potions of berserk rage
 k - a potion of invisibility
Books
 c - a book of Maledictions

   Spells                             Type                      Level
   a - Corona                         Hexes                        1
   b - Ensorcelled Hibernation        Hexes/Ice                    2
   c - Confuse                        Hexes                        3
   d - Tukima's Dance                 Hexes                        3
   e - Dazzling Spray                 Conjuration/Hexes            3
Comestibles
 d - 8 bread rations
 o - 40 fruits


   Skills:
 - Level 1.1 Short Blades
 - Level 3.0 Dodging
 * Level 4.7 Stealth
 + Level 2.8 Spellcasting
 + Level 3.8 Hexes


You had 4 spell levels left.
You knew the following spells:

 Your Spells              Type           Power        Failure   Level  Hunger
a - Corona                Hex            ##.....      4%          1    #......


Dungeon Overview and Level Annotations

Branches:
Dungeon (1/1)

Altars:
Ashenzari
Cheibriados
Dithmenos
Elyvilon
Fedhas
Gozag
Hepliaklqana
Kikubaaqudgha
Makhleb
Nemelex Xobeh
Okawaru
Qazlal
Ru
Sif Muna
Trog
Uskayaw
Vehumet
Xom
Yredelemnul
Zin
The Shining One
Beogh
Jiyva
Lugonu


Innate Abilities, Weirdness & Mutations

You are very small and have problems with some larger weapons.
You are too small for most types of armour.
You have supernaturally acute eyesight. (SInv)
You are a herbivore.
You cover ground extremely quickly.
You need consume almost no food.


Message History

You hit the worker ant but do no damage.
The worker ant completely misses you.
You closely miss the worker ant.
Unknown command.
You hit the worker ant.
The worker ant is lightly wounded.
The worker ant bites you.
Ouch! That really hurt!
You are lethally poisoned!
The worker ant poisons you!
You strike the helpless worker ant from behind!
You puncture the worker ant!
The worker ant is almost dead.
You feel sick. The worker ant bites you.
* * * LOW HITPOINT WARNING * * *
You are too injured to fight recklessly!
You feel better. The worker ant bites you.
You are lethally poisoned!
The worker ant poisons you! The worker ant bites you.
Ouch! That really hurt!
You die...

############ #__________#
#__________#
#____#####'###########++##
######)))#.##.............
#%?|.').)).##......#..#...
##########.##.............
......oa@..'.............
+#####'#####......#..#...
#.. #............. +..
####'#####++## ###
#.......##++#
#.......##..##
#.......##...#
#...<...###... #.......#
##..


You could see a worker ant and an orc.

Vanquished Creatures
  A rat (D)
1 creature vanquished.

Notes
Turn   | Place    | Note
-------+----------+-------------------------------------------
     0 | D        | Groucho the Spriggan Enchanter began the quest for the Orb.
     0 | D        | Reached XP level 1. HP: 9/9 MP: 5/5
    14 | D        | Noticed a wraith
    65 | D        | Found a radiant altar of Vehumet.
    65 | D        | Found a hide-covered altar of Uskayaw.
    65 | D        | Found an ancient bone altar of Kikubaaqudgha.
    65 | D        | Found a viscous altar of Jiyva.
    65 | D        | Found a hazy altar of Hepliaklqana.
    66 | D        | Found a bloodstained altar of Trog.
    66 | D        | Found a deep blue altar of Sif Muna.
    66 | D        | Found a sacrificial altar of Ru.
    66 | D        | Found a stormy altar of Qazlal.
    66 | D        | Found an iron altar of Okawaru.
    66 | D        | Found a sparkling altar of Nemelex Xobeh.
    66 | D        | Found an opulent altar of Gozag.
    66 | D        | Found a blossoming altar of Fedhas.
    66 | D        | Found a white marble altar of Elyvilon.
    66 | D        | Found a shadowy altar of Dithmenos.
    66 | D        | Found a snail-covered altar of Cheibriados.
    67 | D        | Found a glowing golden altar of the Shining One.
    67 | D        | Found a glowing silver altar of Zin.
    68 | D        | Found a burning altar of Makhleb.
    68 | D        | Found a basalt altar of Yredelemnul.
    68 | D        | Found a roughly hewn altar of Beogh.
    69 | D        | Found a corrupted altar of Lugonu.
    69 | D        | Found a shimmering altar of Xom.
    69 | D        | Found a shattered altar of Ashenzari.
    75 | D        | Became a worshipper of Dithmenos the Shadowed
    89 | D        | Noticed a worker ant
    99 | D        | Slain by a worker ant

Action                   || total
-------------------------++-------
Melee: Dagger            ||     7
  Use: Potion            ||     2
 Stab: Invisible         ||     1
       Sleeping          ||     1
Dodge: Dodged            ||     4
